 Dungeon Crawl Stone Soup version 0.23.2-1-ga50397a6bc (webtiles) character file.

Game seed: 8843079757982795970

14457 Foic the Blocker (level 12, -4/99 HPs)
             Began as a Formicid Fighter on May 18, 2019.
             Was a High Priest of Cheibriados.
             Slain by a sun demon (8 damage)
             ... summoned by an orc sorcerer
             ... on level 2 of the Orcish Mines.
             The game lasted 00:49:38 (12515 turns).

Foic the Blocker (Formicid Fighter)                Turns: 12515, Time: 00:49:39

Health: -4/99      AC: 17    Str: 36      XL:     12   Next: 45%
Magic:  2/12       EV:  9    Int: 24 (26) God:    Cheibriados [*****.]
Gold:   2253       SH: 15    Dex: 24 (26) Spells: 11/11 levels left

rFire    . . .     SeeInvis +   a - +1 war axe
rCold    . . .     Gourm    .   c - +0 shield
rNeg     + . .     Faith    .   L - +0 plate armour of the Moon Troll {+Blink rN+ Int+2 SInv} (curse)
rPois    .         Spirit   .   (helmet unavailable)
rElec    .         Reflect  .   x - scarf {repulsion}
rCorr    .         Harm     .   z - +2 pair of gloves "Qurante" {Int+3 Slay+3 Stlth+}
MR       +....                  (no boots)
Stlth    ..........             (no amulet)
HPRegen  0.26/turn              (no ring)
MPRegen  0.13/turn              (no ring)

@: lightly drained, repel missiles, very slow
A: permanent stasis, dig shafts and tunnels, four strong arms, antennae 3,
mutation resistance 1
a: Dig, Shaft Self, Bend Time, Temporal Distortion, Slouch, Step From Time,
Renounce Religion


You were on level 2 of the Orcish Mines.
You worshipped Cheibriados.
Cheibriados was extremely pleased with you.
You were not hungry.

You visited 3 branches of the dungeon, and saw 12 of its levels.

You collected 2253 gold pieces.

Inventory:

Hand Weapons
 a - a +1 war axe (weapon)
 p - a +2 whip of flaming
 u - a +0 flail of protection
 A - a +0 battleaxe
Missiles
 e - 206 stones (quivered)
 g - 9 tomahawks
 n - 75 sling bullets
Armour
 b - a +0 scale mail
 c - a +0 shield (worn)
 k - a +0 plate armour
 x - a scarf of repulsion (worn)
 z - the +2 pair of gloves "Qurante" (worn) {Int+3 Slay+3 Stlth+}
   (You found it on level 5 of the Dungeon)

   It affects your intelligence (+3).
   It affects your accuracy and damage with ranged weapons and melee attacks
   (+3).
   It makes you more stealthy.
 B - a +0 cloak
 L - the cursed +0 plate armour of the Moon Troll (worn) {+Blink rN+ Int+2 SInv}
   (You found it on level 9 of the Dungeon)

   It affects your intelligence (+2).
   It protects you from negative energy.
   It lets you see invisible.
   It lets you blink.
   It has a curse placed upon it.
 N - a scarf of resistance
Jewellery
 E - an uncursed ring of ice
Wands
 j - a wand of enslavement (7)
 m - a wand of iceblast (8)
 C - a wand of paralysis (10)
 F - a wand of polymorph (9)
 J - a wand of digging (2)
 Q - a wand of flame (23)
Scrolls
 h - 3 scrolls of remove curse
 i - 3 scrolls of amnesia
 l - 4 scrolls of enchant weapon
 o - 10 scrolls of identify
 t - 2 scrolls of immolation {unknown}
 v - a scroll of magic mapping {unknown}
 w - a scroll of fog {unknown}
 y - 4 scrolls of teleportation {unknown}
 I - 4 scrolls of noise {unknown}
 M - a scroll of fear {unknown}
 P - a scroll of enchant armour {unknown}
Potions
 d - 2 potions of might
 q - a potion of resistance
 r - 2 potions of curing
 D - 3 potions of flight
Comestibles
 f - 24 rations
 s - 9 chunks of flesh


   Skills:
 * Level 10.6(10.3) Fighting
 + Level 11.5(11.2) Axes
 + Level 8.7(8.4) Armour
 + Level 1.0(0.8) Dodging
 + Level 0.3(0.0) Stealth
 * Level 12.4(12.1) Shields
 + Level 0.4(0.2) Invocations


You had 11 spell levels left.
You didn't know any spells.
Your spell library contained the following spells:

 Spells                   Type           Power        Failure   Level  Hunger
 Beastly Appendage        Tmut           #.....       63%         1    ##.....
 Corona                   Hex            #......      63%         1    ##.....
 Summon Butterflies       Summ           #.......     63%         1    ##.....
 Ensorcelled Hibernation  Hex/Ice        #.....       77%         2    ###....
 Sticks to Snakes         Tmut           #.......     77%         2    ###....
 Call Canine Familiar     Summ           #.......     94%         3    ####...
 Confuse                  Hex            #.......     94%         3    ####...
 Dazzling Spray           Conj/Hex       #.....       94%         3    ####...
 Spider Form              Tmut/Pois      #.........   94%         3    ####...
 Tukima's Dance           Hex            #.......     94%         3    ####...
 Ice Form                 Ice/Tmut       #.......     100%        4    #####..
 Summon Ice Beast         Ice/Summ       #.......     100%        4    #####..
 Blade Hands              Tmut           #.........   100%        5    ######.
 Bolt of Magma            Conj/Fire/Erth #.........   100%        5    ######.
 Iskenderun's Battlesphe  Conj/Chrm      #.......     100%        5    ######.
 Summon Mana Viper        Hex/Summ       #.......     100%        5    ######.
 Venom Bolt               Conj/Pois      #.........   100%        5    ######.
 Iron Shot                Conj/Erth      #.........   100%        6    #######
 Orb of Destruction       Conj           #.........   100%        7    #######
 Spellforged Servitor     Conj/Summ      #.........   100%        7    #######
 Summon Hydra             Summ           #.........   100%        7    #######


Dungeon Overview and Level Annotations

Branches:
Dungeon (9/15)             Temple (1/1) D:7             Orc (2/2) D:9
    Elf (0/3) Orc:2
   Lair: D:8-11

Altars:
Ashenzari
Cheibriados
Dithmenos
Elyvilon
Fedhas
Gozag
Hepliaklqana
Kikubaaqudgha
Makhleb
Nemelex Xobeh
Okawaru
Qazlal
Ru
Sif Muna
Trog
Uskayaw
Vehumet
Wu Jian
Xom
Yredelemnul
Zin
The Shining One
Beogh

Shops:
D:4 (   D:9 *

Annotations:
D:4 buy +7 battleaxe elect; 748g


Innate Abilities, Weirdness & Mutations

You cannot be hasted, slowed, berserked, paralysed or teleported.
You can dig through walls and to a lower floor.
Your four strong arms can wield two-handed weapons with a shield.
You have a pair of large antennae on your head. (SInv)
You are somewhat resistant to further mutation.


Message History

An orc sorcerer comes into view. It is wielding a +0 dagger.
You block the orc warrior's attack.
The orc sorcerer gestures wildly while chanting.
You block the orc warrior's attack.
An orc warrior comes into view. It is wielding a +0 halberd.
The orc sorcerer gestures at you while chanting.
The bolt of negative energy hits you! You partially resist.
You feel drained.
* * * LOW HITPOINT WARNING * * *
The orc sorcerer points at you and mumbles some strange words.
You resist with some effort.
The orc warrior no longer looks unusually strong.
The orc sorcerer points at you and mumbles some strange words.
The bolt of fire hits you!!
* * * LOW HITPOINT WARNING * * *
Okay, then.
You step out of the flow of time.
You return to the normal time flow.
You feel somewhat more hungry.
Cheibriados lowers the support of your attributes as your movement quickens.
The sun demon hits you!
You die...

....# #o# ....# #{# .### #.#
.####### ...####.####...
....##.## #...........# ........#
### #[#
....##...###.###########.########
...##.#.#.#..........)#).........
.....<##...#...3@.....o).........
........#.#.#......o..)..........
..............).....)............
.................................
...#.#..#...........o............
..###...##.......................
.## ##.#####..........#.....#....
## ### ####.##...........##.# #
#####.........##...


You could see a sun demon, an orc sorcerer and 2 orc warriors.

Vanquished Creatures
  An ettin (D:9)
  2 orc high priests
  Pikel (D:5)
  3 orc knights
  2 orc sorcerers (Orc:2)
  4 trolls
  Prince Ribbit (D:5)
  Eustachio (D:5)
  8 yaks
  A human (D:7)
  3 hogs (D:7)
  A hungry ghost (D:8)
  Menkaure (D:5)
  A warg (D:9)
  A water moccasin (D:9)
  18 orc warriors
  2 ice beasts
  A sky beast (D:5)
  2 black bears
  3 necrophages
  2 phantoms
  6 ogres
  2 centaurs
  2 big kobolds
  Blork the orc (D:5)
  9 bullfrogs
  A gnoll sergeant (D:8)
  2 scorpions (D:9)
  4 killer bees (D:8)
  5 wights (D:8)
  2 howler monkeys
  A centaur zombie (D:5)
  4 crimson imps
  A bullfrog zombie (D:5)
  5 jellies
  6 hounds
  16 orc wizards
  11 orc priests
  4 bullfrog skeletons
  Ijyb (D:5)
  Terence (D:2)
  2 iguanas
  Natasha (thrice) (D:2)
  7 worker ants
  A howler monkey zombie (D:5)
  3 gnolls
  5 adders
  4 shadow imps
  An ooze (D:2)
  An adder skeleton (D:7)
  An adder zombie (D:9)
  6 leopard geckos
  50 orcs
  3 ball pythons
  2 giant cockroaches
  9 goblins
  7 hobgoblins
  11 jackals
  2 quokkas
  10 bats
  6 frilled lizards
  11 kobolds
  A leopard gecko skeleton (D:5)
  A leopard gecko zombie (D:7)
  A quokka skeleton (D:9)
  6 rats
297 creatures vanquished.

Vanquished Creatures (others)
  4 slaves (D:5)
  2 centaurs (D:5)
  A crimson imp (D:5)
  A bullfrog zombie (D:5)
  A jelly (D:5)
  A hound zombie (D:5)
  An adder (D:5)
  An ooze (D:5)
  3 jackals (D:5)
  A jackal zombie (D:5)
  4 plants (D:8)
20 creatures vanquished.

Grand Total: 317 creatures vanquished

Notes
Turn   | Place    | Note
-------+----------+-------------------------------------------
     0 | D:1      | Foic the Formicid Fighter began the quest for the Orb.
     0 | D:1      | Reached XP level 1. HP: 18/18 MP: 1/1
   203 | D:1      | Reached XP level 2. HP: 24/24 MP: 2/2
   311 | D:1      | Reached skill level 4 in Shields
   423 | D:1      | Reached XP level 3. HP: 27/30 MP: 3/3
  1014 | D:2      | Noticed Terence
  1024 | D:2      | Killed Terence
  1024 | D:2      | Reached XP level 4. HP: 36/37 MP: 4/4
  1063 | D:2      | Found a white marble altar of Elyvilon.
  1066 | D:2      | Noticed Natasha
  1077 | D:2      | Killed Natasha
  1251 | D:2      | Noticed Natasha
  1261 | D:2      | Killed Natasha
  1261 | D:2      | Reached XP level 5. HP: 38/42 MP: 5/5
  1277 | D:2      | Noticed Natasha
  1286 | D:2      | Killed Natasha
  1286 | D:2      | Reached skill level 5 in Shields
  1318 | D:2      | Found a shimmering altar of Xom.
  1321 | D:2      | Found an ornate altar of the Wu Jian Council.
  1327 | D:2      | Found a hazy altar of Hepliaklqana.
  1330 | D:2      | Found a radiant altar of Vehumet.
  1614 | D:2      | Found a sacrificial altar of Ru.
  2056 | D:3      | Reached XP level 6. HP: 47/48 MP: 6/6
  2376 | D:4      | Reached skill level 6 in Shields
  2448 | D:4      | Reached XP level 7. HP: 55/55 MP: 7/7
  2700 | D:4      | Found Ewihym's Weapon Emporium.
  2946 | D:4      | Found a snail-covered altar of Cheibriados.
  2949 | D:4      | Became a worshipper of Cheibriados the Contemplative
  3065 | D:5      | Entered Level 5 of the Dungeon
  3082 | D:5      | Noticed Pikel
  3103 | D:5      | Killed Pikel
  3103 | D:5      | Reached skill level 5 in Fighting
  3103 | D:5      | Reached skill level 5 in Axes
  3103 | D:5      | Reached XP level 8. HP: 35/63 MP: 8/8
  3414 | D:5      | Noticed Ijyb
  3425 | D:5      | Killed Ijyb
  3425 | D:5      | Reached skill level 7 in Shields
  3508 | D:5      | Noticed Prince Ribbit
  3508 | D:5      | Noticed Blork the orc
  3514 | D:5      | Killed Blork the orc
  3743 | D:5      | Found a stormy altar of Qazlal.
  3849 | D:5      | Reached skill level 5 in Armour
  3910 | D:5      | Noticed Menkaure
  3915 | D:5      | Killed Menkaure
  3915 | D:5      | Reached XP level 9. HP: 20/69 MP: 9/9
  4146 | D:5      | Got a pair of faintly humming gloves
  4152 | D:5      | Identified the +2 pair of gloves "Qurante" {Int+3 Slay+3
                  | Stlth+} (You found it on level 5 of the Dungeon)
  4188 | D:5      | Killed Prince Ribbit
  4188 | D:5      | Reached skill level 8 in Shields
  4520 | D:5      | Noticed Eustachio
  4532 | D:5      | Killed Eustachio
  4620 | D:6      | Found a bloodstained altar of Trog.
  4874 | D:6      | Reached * piety under Cheibriados
  5106 | D:6      | Reached skill level 9 in Shields
  5235 | D:6      | Reached ** piety under Cheibriados
  5235 | D:6      | Reached XP level 10. HP: 44/79 MP: 10/10
  6162 | D:7      | Found a stormy altar of Qazlal.
  6194 | D:7      | Found a staircase to the Ecumenical Temple.
  6213 | Temple   | Entered the Ecumenical Temple
  7205 | D:8      | Reached *** piety under Cheibriados
  7623 | D:8      | Reached skill level 10 in Shields
  8299 | D:8      | Reached **** piety under Cheibriados
  8363 | D:8      | Reached XP level 11. HP: 87/87 MP: 11/11
  8652 | D:9      | Found a staircase to the Orcish Mines.
  8758 | D:9      | Reached skill level 10 in Axes
  9126 | D:9      | Found Veaq's General Store.
  9207 | D:9      | Reached ***** piety under Cheibriados
  9252 | D:9      | Reached skill level 11 in Shields
  9425 | D:9      | Got a distressingly furry plate armour
  9426 | D:9      | Identified the cursed +0 plate armour of the Moon Troll
                  | {+Blink rN+ Int+2 SInv} (You found it on level 9 of the
                  | Dungeon)
  9685 | Orc:1    | Entered Level 1 of the Orcish Mines
  9698 | Orc:1    | Noticed an orc high priest
 10114 | Orc:1    | Noticed an orc knight
 10147 | D:9      | Killed an orc knight
 10416 | Orc:1    | Noticed an ettin
 10429 | D:9      | Killed an ettin
 10706 | Orc:1    | Noticed a soul eater
 10819 | Orc:1    | Noticed a sixfirhy
 11043 | Orc:1    | Killed an orc high priest
 11043 | Orc:1    | Reached skill level 1 in Dodging
 11194 | Orc:1    | You fall through a shaft!
 11194 | Orc:2    | Entered Level 2 of the Orcish Mines
 11225 | Orc:2    | Reached XP level 12. HP: 95/97 MP: 12/12
 11250 | Orc:2    | Reached skill level 12 in Shields
 11265 | Orc:2    | Reached skill level 10 in Fighting
 11898 | Orc:1    | Found a roughly hewn altar of Beogh.
 12125 | Orc:2    | Found a staircase to the Elven Halls.
 12218 | Orc:2    | Noticed an orc high priest
 12232 | Orc:2    | Reached ****** piety under Cheibriados
 12234 | Orc:2    | Noticed a sun demon
 12235 | Orc:2    | Killed an orc high priest
 12257 | Orc:2    | Gained mutation: You are somewhat resistant to further
                  | mutation. [potion of mutation]
 12512 | Orc:2    | Noticed a sun demon
 12514 | Orc:2    | HP: 4/99 [orc sorcerer/bolt of fire (19)]
 12515 | Orc:2    | Slain by a sun demon

Skill      XL: |  1  2  3  4  5  6  7  8  9 10 11 12 |
---------------+-------------------------------------+-----
Shields        | 4 5 6 7 9 10 11 12 | 12.4
Fighting       | 4 5 6 7 8 9 10 | 10.6
Axes           | 3 4 5 6 7 9 11 | 11.5
Armour         | 4 5 7 8 |  8.7
Dodging        | 1 |  1.0
Stealth        | |  0.3
Invocations    | |  0.4

Action                   |  1- 3 |  4- 6 |  7- 9 | 10-12 || total
-------------------------+-------+-------+-------+-------++-------
Melee: War axe           |    87 |   145 |   292 |   598 ||  1122
Invok: Bend Time         |       |       |       |     2 ||     2
       Step From Time    |       |       |       |     1 ||     1
  Use: Scroll            |       |     5 |     1 |     3 ||     9
       Potion            |       |       |     1 |     8 ||     9
  Eat: Chunk             |       |     5 |     3 |    14 ||    22
       Ration            |       |       |     2 |       ||     2
Armor: Scale mail        |    31 |       |       |       ||    31
       Plate armour      |    12 |    89 |   112 |   199 ||   412
       Skin              |       |       |     2 |       ||     2
Dodge: Dodged            |    25 |    33 |    41 |   147 ||   246
       Deflected         |       |       |       |     1 ||     1
Block: Shield            |    67 |   100 |   158 |   369 ||   694
